 Dungeon Crawl Stone Soup version 0.31-a0-164-g2312942fda (webtiles) character file.

Game seed: 12268517956889576119

124 Moral the Trooper (level 4, -5/41 HPs)
             Began as a Minotaur Fighter on June 14, 2023.
             Killed by divine providence
             ... invoked by an orc priest
              (16 damage)
             ... on level 4 of the Dungeon.
             The game lasted 00:04:18 (1826 turns).

Moral the Trooper (Minotaur Fighter)                Turns: 1826, Time: 00:04:18

Health: -5/41      AC:  9    Str: 23    XL:     4   Next: 81%
Magic:  3/3        EV:  9    Int:  5    God:
Gold:   68         SH:  4    Dex:  9    Spells: 3/3 levels left

rFire   . . .        a - +0 war axe
rCold   . . .        c - +0 buckler
rNeg    . . .        b - +0 scale mail
rPois   .            (helmet restricted)
rElec   .            f - +0 cloak
rCorr   .            (no gloves)
SInv    .            j - +0 pair of boots
Will    .....        (no amulet) Stlth
                     (no ring)
HPRegen 0.26/turn    (no ring)
MPRegen 0.08/turn

%: no passive effects
@: no status effects
A: horns 2, retaliatory headbutt
a: no special abilities


You were on level 4 of the Dungeon.
You visited 1 branch of the dungeon, and saw 4 of its levels.

You collected 68 gold pieces.

Inventory:

Hand Weapons
 a - a +0 war axe (weapon)
Armour
 b - a +0 scale mail (worn)
 c - a +0 buckler (worn)
 f - a +0 cloak (worn)
 j - a +0 pair of boots (worn)
Jewellery
 m - a ring of poison resistance
Wands
 i - a wand of paralysis (15)
Scrolls
 k - a scroll of identify {unknown}
Potions
 d - a potion of might
 e - a potion of invisibility
 g - a potion of ambrosia {unknown}
 h - a potion of brilliance {unknown}
 l - a potion of lignification {unknown}


   Skills:
 * Level 4.9 Fighting
 * Level 4.1 Axes
 + Level 4.2 Armour
 + Level 4.2 Shields


You had 3 spell levels left.
You didn't know any spells.
Your spell library was empty.

Dungeon Overview and Level Annotations

Branches:
Dungeon (4/15)
 Temple: D:4-7

Altars:


Innate Abilities, Weirdness & Mutations

You have a pair of horns on your head.
You reflexively headbutt those who attack you in melee.


Message History

There are monsters nearby!
An orc priest comes into view. It is wielding a +0 hand axe.
The orc priest shouts!
The orc priest calls down the wrath of Beogh upon you.
Pain shoots through your body!
A rat comes into view.
A goblin comes into view. It is wielding a +0 dagger.
The orc priest mumbles some strange prayers to Beogh against you.
Beogh smites you!
The goblin shouts!
A bat comes into view.
You hear an angry hiss.
An orc comes into view. It is wielding a +0 whip.
The orc priest hits you with a +0 war axe.
You slash the orc priest!
The orc priest is almost dead.
The orc priest closely misses you.
The orc priest mumbles some strange prayers to Beogh against you.
Pain shoots through your body!
Blink to where?
Press: ? - help, Dir - move target
As you read the scroll labelled COCYGU IVAPLOIN, it crumbles to dust.
It was a scroll of blinking.
There is an escape hatch in the floor here.
You slide downwards.
The hatch slams shut behind you.
The orc priest shouts!
You hear a shout! x3
Found a leather armour, 13 gold pieces, a glowing orb and a tourmaline ring.
Found a sedimented coppery potion.
You see here a sedimented coppery potion.
g - a sedimented coppery potion You start resting.
An orc priest is nearby!
You closely miss the orc priest.
The orc priest invokes the aid of Beogh against you.
Beogh smites you!
* * * LOW HITPOINT WARNING * * *
You barely miss the orc priest.
The orc priest mumbles some strange prayers to Beogh against you.
Beogh smites you!
You die...

#. .......... .
#.. .....[.o. ..
#.. ......$..
...#..##........
#..............
#......[......
##....#.......
#....o##.....
#.....@# ..#.
#.....#....#
#..######..# #..
## #.. ##.


You could see an orc priest.

Vanquished Creatures
  Ijyb (D:3)
  3 adders (D:2)
  2 worms (D:2)
  2 dart slugs
  9 ball pythons
  8 bats
  4 endoplasms (D:1)
  7 goblins
  5 hobgoblins
  4 jackals (D:2)
  6 kobolds
  2 quokkas (D:1)
  A frilled lizard (D:2)
  4 rats
58 creatures vanquished.

Notes
Turn   | Place    | Note
-------+----------+-------------------------------------------
     0 | D:1      | Moral the Minotaur Fighter began the quest for the Orb.
     0 | D:1      | Reached XP level 1. HP: 19/19 MP: 0/0
   126 | D:1      | Reached XP level 2. HP: 27/27 MP: 1/1
   369 | D:1      | Reached XP level 3. HP: 19/33 MP: 2/2
   939 | D:2      | Reached XP level 4. HP: 31/41 MP: 3/3
  1465 | D:2      | Found a faded altar of an unknown god.
  1699 | D:3      | Noticed Ijyb
  1705 | D:3      | Killed Ijyb
  1826 | D:4      | Killed from afar by an orc priest

Illustrated notes

Levels and vault maps discovered:
D:1:      nzn_arrival_depleted_hourglass, layout_basic, columned_hall_lemuel
D:2:      layout_rooms, shapermc_ecumenical_altar_gd, minmay_circle_x
D:3:      layout_basic, uniq_crazy_yiuf_cottage, uniq_ijyb
D:4:      layout_cave_pools, minmay_temple_entry_butterflies

Skill      XL: |  1  2  3  4 |
---------------+-------------+-----
Fighting       | 4 |  4.9
Axes           | 3 4 |  4.1
Armour         | 4 |  4.2
Shields        | 4 |  4.2

Action                     |  1- 3 |  4- 6 || total
---------------------------+-------+-------++-------
  Melee: War axe           |    94 |    44 ||   138
         Headbutt          |     9 |     3 ||    12
    Use: Scroll            |       |     1 ||     1
 Armour: Scale mail        |    61 |    24 ||    85
  Dodge: Dodged            |    44 |    17 ||    61
  Block: Buckler           |    24 |    10 ||    34

Table legend: (Time is in decaauts)
 A = Elapsed time spent in this place.
 B = Non-inter-level travel time spent in this place.
 C = Inter-level travel time spent in this place.
 D = Time resting spent in this place.
 E = Time spent auto-exploring this place.
 F = Levels seen in this place.
 G = Mean time per level.
                   A        B        C        D        E       F      G
               +--------+--------+--------+--------+--------+-----+--------+
         Total |   1874 |   1874 |      0 |    255 |   1147 |   4 |  468.5 |
       Dungeon |   1874 |   1874 |      0 |    255 |   1147 |   4 |  468.5 |
               +--------+--------+--------+--------+--------+-----+--------+

Top non-repeatable levels by time:
     D:2: 916 daAuts
     D:1: 789 daAuts
     D:3: 157 daAuts
     D:4: 11 daAuts
